 Dungeon Crawl Stone Soup version 0.26.0-9-gab577f9fc5 (webtiles) character file.

Game seed: 874164572518353810

114 waddelsworth the Cudgeller (level 4, 0/41 HPs)
             Began as a Minotaur Berserker on Jan 13, 2021.
             Was a Believer of Trog.
             Slain by a gnoll
             ... wielding a +4 halberd
              (10 damage)
             ... on level 3 of the Dungeon.
             The game lasted 00:06:12 (2755 turns).

waddelsworth the Cudgeller (Minotaur Berserker)     Turns: 2755, Time: 00:06:13

Health: 0/41       AC:  9    Str: 29    XL:     4   Next: 66%
Magic:  3/3        EV: 10    Int:  4    God:    Trog [**....]
Gold:   121        SH:  0    Dex: 15    Spells: 3/3 levels left

rFire    . . .     SeeInvis .   a - +0 mace
rCold    . . .     Faith    .   (no shield)
rNeg     . . .     Spirit   .   m - +0 chain mail
rPois    .         Reflect  .   (helmet restricted)
rElec    .         Harm     .   (no cloak)
rCorr    .         Rampage  .   (no gloves)
Will     .....                  (no boots)
Stlth    ..........             (no amulet)
HPRegen  0.13/turn              o - +6 ring of strength
MPRegen  0.08/turn              k - +6 ring of dexterity (curse)

@: no status effects
A: retaliatory headbutt, horns 2
a: Renounce Religion, Berserk, Trog's Hand


You were on level 3 of the Dungeon.
You worshipped Trog.
Trog was pleased with you.
You visited 1 branch of the dungeon, and saw 3 of its levels.

You collected 121 gold pieces.

Inventory:

Hand Weapons
 a - a +0 mace (weapon)
Missiles
 g - 58 stones
Armour
 b - a +0 animal skin
 m - a +0 chain mail (worn)
Jewellery
 i - a +6 ring of dexterity
 k - a cursed +6 ring of dexterity (right hand)
 o - a +6 ring of strength (left hand)
Scrolls
 c - a scroll of magic mapping {unknown}
 d - a scroll of fear {unknown}
 e - 2 scrolls of random uselessness {unknown}
 f - 3 scrolls of identify {unknown}
 j - a scroll of amnesia {unknown}
 n - a scroll of blinking {unknown}
Potions
 h - 2 potions of degeneration {unknown}
 l - a potion of berserk rage {unknown}


   Skills:
 + Level 4.5 Fighting
 + Level 4.6 Maces & Flails
 + Level 3.5 Armour
 + Level 3.1 Dodging


You had 3 spell levels left.
You didn't know any spells.
Your spell library was empty.

Dungeon Overview and Level Annotations

Branches:
Dungeon (3/15)

Altars:
Ashenzari
Elyvilon
Fedhas
Qazlal


Innate Abilities, Weirdness & Mutations

You reflexively headbutt those who attack you in melee.
You have a pair of horns on your head.


Message History

There is a stone staircase leading down here.
You climb downwards.
There is a stone staircase leading up, spattered with blood here.
Found a wooden ring and 10 gold pieces.
You see here a +0 whip.
The gnoll closely misses you.
The gnoll hits you from afar with a +4 halberd.
Found a flail.
The gnoll hits you with a +4 halberd!
You barely miss the gnoll. You headbutt the gnoll.
The gnoll is moderately wounded.
The gnoll barely misses you. The gnoll hits you with a +4 halberd!
You are too injured to fight recklessly!
You are too injured to fight recklessly!
You hit the gnoll.
The gnoll is moderately wounded.
The gnoll hits you from afar with a +0 halberd.
* * * LOW HITPOINT WARNING * * *
The gnoll hits you with a +4 halberd!
You die...

.. ..# ... #.# ...#
#$#
...####=######.# ..
...#...).....
....#..$........
......g..g....#
#@.####.# #..)....#
###..)<...###.##
##.................
.............###.#
...##.#.#.#.# .#
.#.##.#.#.#.# #.#
#....#.#.#.# #.#
###.....#..###.#


You could see 2 gnolls.

Vanquished Creatures
  3 gnolls
  3 adders (D:2)
  A worm (D:2)
  2 dart slugs
  An orc (D:3)
  4 bats
  3 giant cockroaches
  6 goblins
  6 hobgoblins
  5 jackals
  2 quokkas (D:2)
  4 frilled lizards
  8 kobolds
  6 rats
54 creatures vanquished.

Notes
Turn   | Place    | Note
-------+----------+-------------------------------------------
     0 | D:1      | waddelsworth the Minotaur Berserker began the quest for the
                  | Orb.
     0 | D:1      | Reached XP level 1. HP: 19/19 MP: 0/0
   301 | D:1      | Reached XP level 2. HP: 27/27 MP: 1/1
   613 | D:1      | Reached XP level 3. HP: 15/33 MP: 2/2
  1080 | D:2      | Reached ** piety under Trog
  1345 | D:2      | Found a stormy altar of Qazlal.
  1346 | D:2      | Found a blossoming altar of Fedhas.
  1527 | D:2      | Reached XP level 4. HP: 41/41 MP: 3/3
  2611 | D:2      | Found a broken altar of Ashenzari.
  2611 | D:2      | Found a white marble altar of Elyvilon.
  2755 | D:3      | Slain by a gnoll

Illustrated notes

Levels and vault maps discovered:
D:1:      lightli_arrival_flooded_house, layout_basic, minmay_tripent
D:2:      minmay_wonky_spiral, layout_basic,
          grunt_temple_overflow_forces_of_nature,
          nicolae_overflow_hidden_temple, kennysheep_nub
D:3:      layout_loops_ring, kennysheep_generic_room_5, uniq_jessica

Skill      XL: |  1  2  3  4 |
---------------+-------------+-----
Maces & Flails | 4 |  4.6
Fighting       | 4 |  4.5
Armour         | 3 |  3.5
Dodging        | 3 |  3.1

Action                   |  1- 3 |  4- 6 || total
-------------------------+-------+-------++-------
Melee: Mace              |    48 |    32 ||    80
       Headbutt          |    10 |     6 ||    16
 Stab: Sleeping          |     1 |       ||     1
Armor: Animal skin       |     6 |     2 ||     8
       Chain mail        |       |     3 ||     3
Dodge: Dodged            |    45 |    24 ||    69
